Workbook

Sheet Costs
B8: Table Key
B9: Green boxes are descriptions.
B10: Yellow fields counts automatically.
B11: Grey fields counts automatically.
B12: White field - fill them in.
B14: MICROGREENS PRODUCTION CALCULATION PER MONTH
B15: variety to grow | C15: gram/tray | D15: price/kg | E15: no. of trays per month | F15: seed cost
B16: Pea | C16: 280 | D16: 4 | E16: 20 | F16: =C16/1000*D16*E16 -> 22.4
B17: Radish | C17: 48 | D17: 20 | E17: 20 | F17: =C17/1000*D17*E17 -> 19.2
B18: Sunflower | C18: 150 | D18: 7 | E18: 20 | F18: =C18/1000*D18*E18 -> 21
B19: Broccoli | C19: 50 | D19: 25 | E19: 20 | F19: =C19/1000*D19*E19 -> 25
E20: total no. of trays | F20: total seed cost
E21: =SUM(E16:E19) -> 80 | F21: =SUM(F16:F19) -> 87.6
B22: supplies changeable
B23: type | C23: quantity | D23: price/1 piece | E23: replacement indicator | F23: total supplies cost
B24: Shallow Growing tray "10x20" | C24: =E21 -> 80 | D24: 3 | E24: 0.1 | F24: =C24*D24*E24 -> 24
B25: CocoMat 25x50cm | C25: =E21 -> 80 | D25: 1.1 | E25: 1 | F25: =C25*D25*E25 -> 88
B26: 50g box | C26: =Income!E21*20 -> 512 | D26: 0.15 | E26: 1 | F26: =C26*D26 -> 76.8
B27: Transport box | C27: 50 | D27: 1.2 | E27: 1 | F27: =C27*D27 -> 60
F28: total
F29: =SUM(F24:F27) -> 248.8
B30: fixed costs
B31: type | C31: quantity | D31: price/unit | F31: total price
B32: rental commercial | C32: 1 | D32: 0 | F32: =C32*D32 -> 0
B33: electricity | C33: 40 | D33: 0.7 | F33: =C33*D33 -> 28
B34: water | C34: 10 | D34: 1.1 | F34: =C34*D34 -> 11
B35: other fees | C35: 1 | D35: 70 | F35: =C35*D35 -> 70
B36: fuel | C36: 4 | D36: 1.2 | F36: =C36*D36 -> 4.8
F37: total
F38: =SUM(F32:F37) -> 113.8
B39: working time
B40: time labour | C40: time each day/hour | D40: days/monthly | E40: time total/hours
B41: sowing time | C41: 2 | D41: 4 | E41: =C41*D41 -> 8 | F41: =E41*$C$49 -> 120
B42: watering time | C42: 0.3 | D42: 30 | E42: =C42*D42 -> 9 | F42: =E42*$C$49 -> 135
B43: harvesting + packing | C43: 1.5 | D43: 8 | E43: =C43*D43 -> 12 | F43: =E43*$C$49 -> 180
B44: delivery | C44: 2 | D44: 8 | E44: =C44*D44 -> 16 | F44: =E44*$C$49 -> 240
B45: cleaning | C45: 1 | D45: 8 | E45: =C45*D45 -> 8 | F45: =E45*$C$49 -> 120
E46: total time spent | F46: total cost
E47: =SUM(E41:E45) -> 53 | F47: =SUM(F41:F46) -> 795
B49: my salary/hour | C49: 15 | E49: total production cost | F49: =SUM(F21,F29,F38,F47) -> 1245.2

Sheet Income
B8: Table Key
B9: Green boxes are descriptions.
B10: Yellow fields counts automatically.
B11: Grey fields counts automatically.
B12: White field - fill them in.
B14: income
B15: variety | C15: no. of trays | D15: harvest in gram/tray | E15: harvest in kg | F15: sale price/kg | G15: profit
B16: Pea Seeds | C16: =Costs!E16 -> 20 | D16: 500 | E16: =C16*D16/1000 -> 10 | F16: 50 | G16: =E16*F16 -> 500
B17: Radish Seeds | C17: =Costs!E17 -> 20 | D17: 200 | E17: =C17*D17/1000 -> 4 | F17: 60 | G17: =E17*F17 -> 240
B18: Sunflower | C18: =Costs!E18 -> 20 | D18: 400 | E18: =C18*D18/1000 -> 8 | F18: 40 | G18: =E18*F18 -> 320
B19: Broccoli | C19: =Costs!E19 -> 20 | D19: 180 | E19: =C19*D19/1000 -> 3.6 | F19: 60 | G19: =E19*F19 -> 216
E20: total kg | G20: total income
D21: total kg | E21: =SUM(E16:E19) -> 25.6 | G21: =SUM(G16:G19) -> 1276

Sheet Profit
B8: Table Key
B9: Green boxes are descriptions.
B10: Yellow fields counts automatically.
B11: Grey fields counts automatically.
B12: White field - fill them in.
B14: summary
B15: total no. of trays | C15: microgreens produced in kg | D15: total time labour | E15: total costs | F15: income | G15: profit
B16: =Costs!E21 -> 80 | C16: =Income!E21 -> 25.6 | D16: =Costs!E47 -> 53 | E16: =Costs!F49 -> 1245.2 | F16: =Income!G21 -> 1276 | G16: =F16-E16 -> 30.8
G17: total profit when you do it yourself
D18: total kg | G18: =SUM(G16+Costs!F47) -> 825.8
G19: total income
G20: =SUM(G18) -> 825.8
